 Dungeon Crawl Stone Soup version 0.23.2-1-ga50397a6bc (webtiles) character file.

Game seed: 6263095459476062441

331 Kobolds4U the Covert (level 6, -1/30 HPs)
             Began as a Spriggan Assassin on May 30, 2019.
             Slain by Duvessa
             ... wielding a +0 rapier
              (17 damage)
             ... on level 4 of the Dungeon.
             The game lasted 00:05:29 (2758 turns).

Kobolds4U the Covert (Spriggan Assassin)            Turns: 2758, Time: 00:05:29

Health: -1/30      AC:  3    Str:  7    XL:     6   Next: 26%
Magic:  7/7        EV: 17    Int: 13    God:
Gold:   147        SH:  0    Dex: 19    Spells: 5/5 levels left

rFire    . . .     SeeInvis +   a - +3 short sword
rCold    . . .     Gourm    .   (shield restricted)
rNeg     . . .     Faith    .   c - +0 robe
rPois    +         Spirit   .   (helmet restricted)
rElec    .         Reflect  .   d - +0 cloak
rCorr    .         Harm     .   (gloves unavailable)
MR       +....                  (boots unavailable)
Stlth    +++++.....             (no amulet)
HPRegen  0.10/turn              q - ring of poison resistance
MPRegen  0.10/turn              (no ring)

@: very quick
A: very small, unfitting armour, see invisible, herbivore, speed 3, slow
metabolism 2
a: no special abilities


You were on level 4 of the Dungeon.
You were not hungry.

You visited 1 branch of the dungeon, and saw 4 of its levels.

You collected 147 gold pieces.

Inventory:

Hand Weapons
 a - a +3 short sword (weapon)
 b - a +0 blowgun
 A - a +2 dagger
Missiles
 e - 3 poisoned needles
Armour
 c - a +0 robe (worn)
 d - a +0 cloak (worn)
Jewellery
 q - a ring of poison resistance (left hand)
 t - an uncursed amulet of rage {unknown}
 y - a +4 ring of strength {unknown}
 z - an uncursed ring of protection from magic {unknown}
Wands
 x - a wand of flame (25)
Scrolls
 k - 5 scrolls of identify {unknown}
 l - 2 scrolls of enchant weapon {unknown}
 n - a scroll of fear {unknown}
 o - 6 scrolls of remove curse {unknown}
 p - 5 scrolls of teleportation {unknown}
 v - 2 scrolls of magic mapping {unknown}
 B - a scroll of noise {unknown}
Potions
 h - a potion of flight {unknown}
 i - a potion of invisibility {unknown}
 j - a potion of ambrosia {unknown}
 m - 2 potions of mutation {unknown}
 r - a potion of might {unknown}
 s - a potion of heal wounds {unknown}
 u - a potion of brilliance {unknown}
 w - a potion of haste {unknown}
 C - a potion of agility {unknown}
Comestibles
 g - 11 rations


   Skills:
 - Level 1.5 Fighting
 - Level 2.1 Short Blades
 - Level 2.0 Throwing
 - Level 1.5 Dodging
 + Level 11.4 Stealth


You had 5 spell levels left.
You didn't know any spells.
Your spell library was empty.

Dungeon Overview and Level Annotations

Branches:
Dungeon (4/15)
 Temple: D:4-7

Altars:
Xom

Shops:
D:4 *

Annotations:
D:4 Duvessa


Innate Abilities, Weirdness & Mutations

You are very small and have problems with some larger weapons.
You are too small for most types of armour.
You have supernaturally acute eyesight. (SInv)
You are a herbivore.
You cover ground extremely quickly.
You need to consume almost no food.


Message History

You shoot a poisoned needle. The poisoned needle hits Duvessa.
Duvessa looks as sick as possible!
Duvessa is moderately wounded.
Duvessa is no longer moving slowly.
You kill Dowan!
Duvessa screams in rage.
Duvessa goes berserk!
Duvessa hits you with a +0 rapier!
a - a +3 short sword (weapon)
Duvessa hits you with a +0 rapier!
You hit Duvessa but do no damage.
Duvessa is heavily wounded.
Duvessa hits you but does no damage.
You hit Duvessa but do no damage.
Duvessa is heavily wounded.
Duvessa misses you.
You hit Duvessa.
Duvessa is heavily wounded.
Duvessa hits you with a +0 rapier!
Ouch! That really hurt!
You die...

##§§ ##..# #§#§ #.<#
#..##.## #..).#
####.[## #.....#
#.###.###.......# .
.. #...#.......#.#
.. ###@#.......#.#
.########e##........
..
$....#..oZ#.......#
.. #....).#
#..Z..#.# #.#.PP.((#
#...?...#
#...P∩..####....#
##..PPP.###.o...#
#........(..##......
#####..$(.[.......##


You could see Duvessa (berserk), an orc and a bullfrog skeleton.

Vanquished Creatures
  Eustachio (D:4)
  Dowan (D:4)
  Jessica (D:3)
  A gnoll (D:1)
  3 adders
  2 oozes
  A worm (D:2)
  3 dart slugs
  6 bats
  4 giant cockroaches
  4 goblins
  6 hobgoblins
  7 jackals
  2 ball pythons (D:1)
  3 frilled lizards (D:1)
  6 kobolds
  8 rats
59 creatures vanquished.

Notes
Turn   | Place    | Note
-------+----------+-------------------------------------------
     0 | D:1      | Kobolds4U the Spriggan Assassin began the quest for the
                  | Orb.
     0 | D:1      | Reached XP level 1. HP: 10/10 MP: 2/2
    83 | D:1      | Reached skill level 6 in Stealth
   145 | D:1      | Reached XP level 2. HP: 14/14 MP: 3/3
   183 | D:1      | Reached skill level 7 in Stealth
   221 | D:1      | Reached XP level 3. HP: 18/18 MP: 4/4
   875 | D:2      | Reached skill level 8 in Stealth
  1201 | D:2      | Reached XP level 4. HP: 22/22 MP: 5/5
  1953 | D:3      | Reached skill level 9 in Stealth
  1992 | D:3      | Found a shimmering altar of Xom.
  2168 | D:3      | Noticed Jessica
  2409 | D:3      | Killed Jessica
  2601 | D:3      | Reached XP level 5. HP: 25/25 MP: 6/6
  2702 | D:4      | Noticed Eustachio
  2707 | D:4      | Killed Eustachio
  2707 | D:4      | Reached skill level 11 in Stealth
  2707 | D:4      | Reached XP level 6. HP: 30/30 MP: 7/7
  2714 | D:4      | Found Zaris's Assorted Antiques.
  2722 | D:4      | Noticed Dowan
  2724 | D:4      | Noticed Duvessa
  2754 | D:4      | Killed Dowan
  2758 | D:4      | Slain by Duvessa

Skill      XL: |  1  2  3  4  5 |
---------------+----------------+-----
Stealth        | 6 7 8 9 11 | 11.4
Fighting       | |  1.5
Short Blades   | |  2.1
Throwing       | |  2.0
Dodging        | |  1.5

Action                   |  1- 3 |  4- 6 || total
-------------------------+-------+-------++-------
Melee: Dagger            |   104 |    37 ||   141
       Short sword       |       |    28 ||    28
 Fire: Blowgun           |     6 |     8 ||    14
 Stab: Sleeping          |    17 |    10 ||    27
Armor: Robe              |    11 |     6 ||    17
Dodge: Dodged            |    72 |    70 ||   142
